[Event "Titled Tuesday Blitz May 30 Late 2023"]
[White "Andreassen, Lars"]
[Black "Prado Lobo, Jonas"]
[WhiteFideId "1504878"]
[BlackFideId "32050666"]
[WhiteElo "2119"]
[BlackElo "2322"]
[Result "0-1"]
[Round "01"]
[TimeControl "180+2"]
[Date "2023.05.31"]
[WhiteClock "0:00:31"]
[BlackClock "0:00:15"]

1. d4 Nf6 2. Nf3 g6 3. Nc3 d5 4. Bg5 Bg7 5. Bxf6 Bxf6 6. e4 dxe4 7. Nxe4 Bg7 8. Bc4 O-O 9. O-O b6 10. Re1 Bb7 11. c3 Nd7 12. Qe2 h6 13. Rad1 Re8 14. h4 Qc8 15. h5 gxh5 16. Nh4 Bxe4 17. Qxh5 e6 18. Rxe4 Nf6 19. Qe2 Nxe4 20. Qxe4 Qd8 21. g3 Qg5 22. Nf3 Qh5 23. Kg2 Rad8 24. Rh1 Qf5 25. Qc6 Re7 26. Rh4 Qc2 27. Rg4 Qxb2 28. Ne5 Qxc3 29. Nxf7 Rxf7 30. Qxe6 Qf3+ 31. Kh3 Qh1# 0-1


[Site "https://www.chess.com"]

[Event "Titled Tuesday Blitz May 30 Late 2023"]
[White "Wadsworth, Matthew J"]
[Black "Escalante Ramirez, Rafael"]
[WhiteFideId "415804"]
[BlackFideId "3900177"]
[WhiteElo "2347"]
[BlackElo "2265"]
[Result "1-0"]
[Round "01"]
[TimeControl "180+2"]
[Date "2023.05.31"]
[WhiteClock "0:00:17"]
[BlackClock "0:00:02"]

1. Nf3 Nf6 2. g3 b6 3. Bg2 Bb7 4. O-O c5 5. d3 e6 6. e4 d6 7. a4 a6 8. Nbd2 Be7 9. Re1 O-O 10. Nf1 Nbd7 11. h4 Qc7 12. c3 Rfe8 13. N1h2 Bf8 14. g4 g6 15. h5 b5 16. hxg6 hxg6 17. axb5 axb5 18. Rxa8 Bxa8 19. g5 Nh5 20. Ng4 Bg7 21. Be3 e5 22. Nh6+ Kf8 23. Nh2 Ke7 24. Qf3 Rf8 25. Bh3 Bc6 26. Bg4 Nf4 27. Bxf4 exf4 28. Qxf4 Ne5 29. Qe3 Bd7 30. f4 Nxg4 31. N2xg4 Bxg4 32. Nxg4 Rh8 33. e5 dxe5 34. Nxe5 Kf8 35. Qe4 Bxe5 36. Qxe5 Qxe5 37. Rxe5 Rh3 38. Rxc5 Rxd3 39. Rxb5 Rf3 40. Rb4 Ke7 41. Kg2 Rd3 42. Rb6 Rd2+ 43. Kf3 Rd3+ 44. Ke4 Rd1 45. c4 Re1+ 46. Kd5 Rd1+ 47. Kc5 Rf1 48. Rf6 Rb1 49. b4 Rd1 50. b5 Rd8 51. b6 Rc8+ 52. Kb5 1-0


[Site "https://www.chess.com"]

[Event "Titled Tuesday Blitz May 30 Late 2023"]
[White "Kovacevic, Radmila"]
[Black "Nasir, Zehn"]
[WhiteFideId "933171"]
[BlackFideId "2613239"]
[WhiteElo "2194"]
[BlackElo "1993"]
[Result "0-1"]
[Round "01"]
[TimeControl "180+2"]
[Date "2023.05.31"]
[WhiteClock "0:00:01"]
[BlackClock "0:00:30"]

1. e4 c6 2. Nf3 d5 3. exd5 cxd5 4. d4 Nc6 5. c3 Nf6 6. Bb5 Bd7 7. O-O e6 8. Re1 Be7 9. Bxc6 bxc6 10. Ne5 c5 11. Bg5 cxd4 12. cxd4 O-O 13. Nc3 Rb8 14. Rb1 Be8 15. h3 h6 16. Bxf6 Bxf6 17. Ng4 Be7 18. a3 Qc7 19. Qf3 Bb5 20. Qe3 Bg5 21. Nxb5 Rxb5 22. Qd3 Rfb8 23. b4 a5 24. Re2 axb4 25. Rc2 Qb7 26. axb4 Rxb4 27. Rxb4 Qxb4 28. Ne5 Bf4 29. Nc6 Qe1+ 30. Qf1 Rb1 31. Ne7+ Kh7 0-1


[Site "https://www.chess.com"]

[Event "Titled Tuesday Blitz May 30 Late 2023"]
[White "Novik, Maxim"]
[Black "Schut, Han"]
[WhiteFideId "4102924"]
[BlackFideId "1005561"]
[WhiteElo "2287"]
[BlackElo "2024"]
[Result "1-0"]
[Round "01"]
[TimeControl "180+2"]
[Date "2023.05.31"]
[WhiteClock "0:01:24"]
[BlackClock "0:00:10"]

1. e4 c5 2. Nc3 Nc6 3. Bb5 Nd4 4. Nf3 Nxb5 5. Nxb5 a6 6. Nc3 g6 7. d4 Bg7 8. dxc5 Qa5 9. Be3 Bxc3+ 10. bxc3 Qxc3+ 11. Ke2 Nf6 12. Bd4 Qc4+ 13. Qd3 Qe6 14. Bxf6 Qxf6 15. Qd4 Qxd4 16. Nxd4 f6 17. Rab1 Kf7 18. Rhd1 Rd8 19. Nb3 Ke6 20. Na5 d6 21. Rb6 Ke5 22. Ke3 g5 23. Nc4+ Ke6 24. cxd6 exd6 25. Rdxd6+ Rxd6 26. Nxd6 Kd7 27. c4 Kc7 28. c5 Rb8 29. Nxc8 Rxc8 30. Rxf6 Kb8 31. Kd4 Rd8+ 32. Rd6 Rf8 33. f3 g4 34. Ke3 gxf3 35. gxf3 Rc8 36. Rd5 Rc6 37. f4 Rh6 38. f5 Rxh2 39. f6 1-0


[Site "https://www.chess.com"]

[Event "Titled Tuesday Blitz May 30 Late 2023"]
[White "Martinez, Ayelen"]
[Black "Omelja, Artem"]
[WhiteFideId "118702"]
[BlackFideId "14119846"]
[WhiteElo "2125"]
[BlackElo "2404"]
[Result "0-1"]
[Round "01"]
[TimeControl "180+2"]
[Date "2023.05.31"]
[WhiteClock "0:00:00"]
[BlackClock "0:00:06"]

1. e4 e5 2. Nf3 Nc6 3. Bb5 a6 4. Ba4 Nf6 5. O-O b5 6. Bb3 Be7 7. c3 d6 8. h3 Na5 9. Bc2 c5 10. d4 Qc7 11. Re1 O-O 12. Nbd2 Bd7 13. Nf1 Ne8 14. Ng3 g6 15. Bh6 Ng7 16. Rc1 Rad8 17. Bb1 Nc4 18. Qe2 Be6 19. a4 Nb6 20. axb5 axb5 21. Nh2 Nc4 22. Ng4 Rfe8 23. b3 Na5 24. Bxg7 Kxg7 25. Nf5+ Bxf5 26. exf5 Nxb3 27. Qe3 Nxc1 28. Qh6+ Kg8 29. Rxc1 Ra8 30. fxg6 fxg6 31. Bxg6 hxg6 32. Qxg6+ Kf8 33. Qh6+ Kf7 34. d5 Rg8 35. Qe6+ Kf8 36. Nh6 Rg7 37. Re1 Qc8 38. Nf5 Qxe6 39. dxe6 Rg6 40. Ne3 Rxe6 41. Nd5 Ke8 42. Nc7+ Kd7 43. Nxa8 Kc6 44. Ra1 d5 45. f4 exf4 46. Kf2 d4 47. cxd4 cxd4 48. Kf3 d3 49. Kxf4 d2 50. Rd1 Bd6+ 51. Kf3 Re8 52. Rxd2 Rxa8 53. Rc2+ Bc5 54. Ke4 Re8+ 55. Kd3 Re3+ 56. Kd2 Rg3 57. Kc1 Kd5 58. Kb2 b4 59. Rd2+ Bd4+ 60. Kc2 Kc4 61. Re2 b3+ 62. Kb1 Rd3 63. Re1 Rd2 64. g4 Rb2+ 65. Kc1 Ra2 66. Re4 Kd3 0-1


[Site "https://www.chess.com"]

[Event "Titled Tuesday Blitz May 30 Late 2023"]
[White "Shuvalov, Evgenij"]
[Black "Coelho, Ramyres Santana"]
[WhiteFideId "4187237"]
[BlackFideId "2120690"]
[WhiteElo "2080"]
[BlackElo "1888"]
[Result "1-0"]
[Round "01"]
[TimeControl "180+2"]
[Date "2023.05.31"]
[WhiteClock "0:01:09"]
[BlackClock "0:00:00"]

1. Nf3 Nf6 2. c4 g6 3. Nc3 Bg7 4. e4 d6 5. d4 O-O 6. Be2 e5 7. O-O Nc6 8. d5 Ne7 9. Ne1 Nd7 10. f3 f5 11. g4 f4 12. h4 Nf6 13. Nd3 h5 14. g5 Nh7 15. Kh2 Kh8 16. Rg1 b6 17. Bf1 Ng8 18. b4 a5 19. bxa5 Rxa5 20. a4 Qe7 21. Ba3 Qd7 22. Bb4 Ra8 23. Nf2 Ne7 24. Bh3 Qd8 25. Bxc8 Qxc8 26. a5 bxa5 27. Rxa5 Rxa5 28. Bxa5 Qa6 29. Qa4 Ra8 30. Ra1 Qa7 31. Kg2 Nf8 32. Nb5 Qe3 33. Ra3 Qc5 34. Qb3 Nd7 35. Bb4 Rxa3 36. Nxa3 Qb6 37. Qa4 Nc5 38. Qe8+ Ng8 39. Qb5 Qxb5 40. Nxb5 Nb3 41. Nxc7 Nd4 42. Bxd6 Ne2 43. c5 Nd4 44. c6 Kh7 45. Ne8 Bh8 46. c7 1-0


[Site "https://www.chess.com"]

[Event "Titled Tuesday Blitz May 30 Late 2023"]
[White "Gu, Ethan"]
[Black "Marra, Eduardo da Costa"]
[WhiteFideId "30909236"]
[BlackFideId "2106990"]
[WhiteElo "2245"]
[BlackElo "2252"]
[Result "0-1"]
[Round "01"]
[TimeControl "180+2"]
[Date "2023.05.31"]
[WhiteClock "0:00:00"]
[BlackClock "0:00:48"]

1. e4 c5 2. Nf3 e6 3. d4 cxd4 4. Nxd4 Nf6 5. Nc3 Nc6 6. Nxc6 bxc6 7. Bd3 d5 8. O-O Be7 9. Kh1 Nd7 10. f4 Nc5 11. Qg4 Nxd3 12. cxd3 g6 13. b3 f5 14. Qf3 O-O 15. Bb2 Ba6 16. Rfe1 Qd7 17. Ne2 c5 18. exd5 exd5 19. d4 c4 20. Nc3 Bb7 21. bxc4 dxc4 22. d5 Bf6 23. Rad1 Rae8 24. Rxe8 Rxe8 25. Qf2 Ba8 26. h3 Qg7 27. Qd2 Rd8 28. d6 Qh6 29. Kh2 g5 30. Nd5 Bxb2 31. Qxb2 Rxd6 32. Qb8+ Qf8 33. Ne7+ Kf7 34. Qxf8+ Kxf8 35. Rxd6 Kxe7 36. Ra6 Be4 37. fxg5 c3 38. Ra3 c2 39. Rc3 Kd6 40. Kg3 Kd5 41. Kf4 Kd4 42. Rc7 Kd3 43. g4 fxg4 44. hxg4 Bg6 45. Rd7+ Ke2 46. Rc7 Kd2 47. Rd7+ Bd3 48. g6 hxg6 49. Rc7 c1=Q 0-1


[Site "https://www.chess.com"]

[Event "Titled Tuesday Blitz May 30 Late 2023"]
[White "Keleberda, Tymur"]
[Black "Botez, Alexandra"]
[WhiteFideId "14174294"]
[BlackFideId "2603365"]
[WhiteElo "2198"]
[BlackElo "2040"]
[Result "1-0"]
[Round "01"]
[TimeControl "180+2"]
[Date "2023.05.31"]
[WhiteClock "0:00:10"]
[BlackClock "0:00:00"]

1. e4 e6 2. d4 d5 3. Nc3 Nf6 4. e5 Nfd7 5. f4 c5 6. Nf3 Nc6 7. Ne2 b5 8. c3 b4 9. cxb4 cxb4 10. g3 a5 11. Bh3 g6 12. O-O Ba6 13. Be3 Be7 14. Rc1 Rc8 15. Qd2 O-O 16. Rc2 Qb6 17. Rfc1 Bxe2 18. Qxe2 Na7 19. Bf1 Rxc2 20. Rxc2 Rc8 21. Rxc8+ Nxc8 22. Qa6 Qxa6 23. Bxa6 Ncb6 24. b3 Kf8 25. Bb5 h6 26. Kf2 f5 27. exf6 Bxf6 28. Bd3 Kf7 29. h4 h5 30. Ne5+ Bxe5 31. fxe5 Nc8 32. Bb5 Ndb6 33. Bg5 Ne7 34. Bxe7 Kxe7 35. Ke3 Kf7 36. Kf4 Nc8 37. Kg5 Ne7 38. Bd3 Kg7 39. Bc2 Kf7 40. Kh6 Nc6 41. Bxg6+ Ke7 42. Kxh5 Nxd4 43. Kg5 Nb5 44. h5 Kf8 45. h6 Kg8 46. Kf6 Nc7 47. Ke7 d4 48. Be4 Nd5+ 49. Kxe6 1-0


[Site "https://www.chess.com"]

[Event "Titled Tuesday Blitz May 30 Late 2023"]
[White "Magallanes, Rey Jomar"]
[Black "Eugene, Floryan"]
[WhiteFideId "5205948"]
[BlackFideId "20694784"]
[WhiteElo "2233"]
[BlackElo "2369"]
[Result "0-1"]
[Round "01"]
[TimeControl "180+2"]
[Date "2023.05.31"]
[WhiteClock "0:01:07"]
[BlackClock "0:00:43"]

1. e4 c5 2. Nf3 Nc6 3. d4 cxd4 4. Nxd4 e5 5. Nb5 Nf6 6. Nd6+ Bxd6 7. Qxd6 Nxe4 8. Qd5 Nf6 9. Qd1 O-O 10. Nc3 d5 11. Be2 d4 12. Nb1 Qb6 13. Nd2 Bf5 14. O-O Rac8 15. c3 Rfd8 16. Qa4 e4 17. Nc4 Qc5 18. b4 Qe7 19. b5 Ne5 20. Ba3 Qe6 21. Nxe5 Qxe5 22. cxd4 Qxd4 23. Qb3 Qd2 24. Bc4 Ng4 25. Rad1 Qf4 26. g3 Qh6 27. h4 Ne5 28. Bc1 Qg6 29. Rxd8+ Rxd8 30. Bf4 Nf3+ 31. Kg2 Nxh4+ 32. Kg1 Nf3+ 33. Kg2 Bh3+ 34. Kh1 Bxf1 35. Bxf7+ Qxf7 36. Qxf7+ Kxf7 37. Bc7 Rd1 38. Ba5 Bh3+ 39. Be1 g5 40. g4 h5 41. gxh5 a6 42. a4 axb5 43. a5 Ke7 44. a6 bxa6 45. h6 Kd7 46. h7 Kc6 47. h8=Q Rxe1# 0-1


[Site "https://www.chess.com"]

[Event "Titled Tuesday Blitz May 30 Late 2023"]
[White "Ismagilov, Damir"]
[Black "mohsengabr2002"]
[WhiteFideId "34199982"]
[WhiteElo "2143"]
[BlackElo "2232"]
[Result "1-0"]
[Round "01"]
[TimeControl "180+2"]
[Date "2023.05.31"]
[WhiteClock "0:00:25"]
[BlackClock "0:01:10"]

1. d4 d5 2. f4 e6 3. Nf3 f5 4. Ne5 Nf6 5. e3 Bd6 6. Be2 O-O 7. O-O Bd7 8. Bd2 Be8 9. Be1 Ne4 10. c4 c6 11. Nc3 Nd7 12. Nxe4 fxe4 13. c5 Bc7 14. b4 Nxe5 15. fxe5 Rxf1+ 16. Bxf1 Qg5 17. Qc1 Bh5 18. b5 Rf8 19. bxc6 bxc6 20. Rb1 Bd8 21. Bg3 Qh6 22. Ba6 Bg5 23. Rb3 Bg4 24. Qe1 Qg6 25. h3 Bh5 26. Kh2 Qf7 27. Rb7 Qe8 28. Rxa7 Qb8 29. Rb7 Qa8 30. Rb6 Bd8 31. Bb7 Qxa2 32. Rxc6 Qb3 33. Bc8 Bg5 34. Bxe6+ Kh8 35. Qf2 Be7 36. Rc8 Be8 37. Qxf8+ Bxf8 38. Rxe8 g6 39. Rxf8+ Kg7 40. Rf7+ Kh6 41. c6 g5 42. c7 1-0


[Site "https://www.chess.com"]

[Event "Titled Tuesday Blitz May 30 Late 2023"]
[White "Atanasov, Radislav"]
[Black "Zeynalli, Rashad"]
[WhiteFideId "2901471"]
[BlackFideId "13403320"]
[WhiteElo "2077"]
[BlackElo "2125"]
[Result "1-0"]
[Round "01"]
[TimeControl "180+2"]
[Date "2023.05.31"]
[WhiteClock "0:01:36"]
[BlackClock "0:01:22"]

1. e4 c6 2. d4 d5 3. exd5 cxd5 4. c4 Nf6 5. Nc3 e6 6. Nf3 Bb4 7. Bd3 dxc4 8. Bxc4 b6 9. O-O Bb7 10. Re1 O-O 11. Bg5 h6 12. Bh4 Be7 13. a3 Nc6 14. Qd3 Rc8 15. Rad1 Qc7 16. Ba2 a6 17. Bb1 g6 18. Rxe6 fxe6 19. Qxg6+ Kh8 20. Qxh6+ Kg8 21. Qg6+ Kh8 22. Ng5 Qf4 23. Qh6+ Kg8 24. Bh7+ Kh8 25. Bf5+ 1-0


[Site "https://www.chess.com"]

[Event "Titled Tuesday Blitz May 30 Late 2023"]
[White "Martic, Ivan"]
[Black "Osmonbekov, Talaibek"]
[WhiteFideId "929301"]
[BlackFideId "2017253"]
[WhiteElo "2360"]
[BlackElo "2135"]
[Result "1-0"]
[Round "01"]
[TimeControl "180+2"]
[Date "2023.05.31"]
[WhiteClock "0:01:18"]
[BlackClock "0:00:00"]

1. c4 e5 2. Nc3 d6 3. g3 f5 4. Bg2 Nf6 5. d3 Be7 6. Bg5 O-O 7. Nf3 Nbd7 8. O-O Qe8 9. b4 Qh5 10. Rc1 c6 11. Bxf6 Nxf6 12. b5 Bd7 13. bxc6 bxc6 14. Rb1 Rab8 15. Qa4 e4 16. Rxb8 Rxb8 17. dxe4 fxe4 18. Qxa7 Rd8 19. Nd4 c5 20. Nc6 Re8 21. Nxe7+ Rxe7 22. Qb8+ Re8 23. Qxd6 Bh3 24. Nd5 Ng4 25. Nf4 Qf5 26. Bxh3 e3 27. f3 1-0


[Site "https://www.chess.com"]

[Event "Titled Tuesday Blitz May 30 Late 2023"]
[White "Sailer, Mike"]
[Black "ATM622"]
[WhiteFideId "2012901"]
[WhiteElo "2109"]
[BlackElo "2575"]
[Result "1-0"]
[Round "01"]
[TimeControl "180+2"]
[Date "2023.05.31"]
[WhiteClock "0:00:08"]
[BlackClock "0:00:32"]

1. d4 Nf6 2. Bg5 h6 3. Bxf6 exf6 4. c4 Bb4+ 5. Nc3 O-O 6. e3 b6 7. Bd3 Bb7 8. Nf3 c5 9. O-O cxd4 10. Nxd4 Nc6 11. Nd5 Bc5 12. Bc2 Rc8 13. a3 a5 14. Qd3 g6 15. h4 Ne5 16. Qe2 Bxd4 17. exd4 Nxc4 18. Ne7+ Kg7 19. Nxc8 Qxc8 20. h5 Qc6 21. f3 Qd6 22. Qxc4 Rc8 23. Qd3 Qg3 24. hxg6 fxg6 25. Rac1 h5 26. d5 Re8 27. Qd2 h4 28. Qf2 Qg5 29. Rce1 Rc8 30. Be4 h3 31. g3 f5 32. Bd3 Bxd5 33. Kh2 Ba8 34. Qd4+ Kg8 35. Bc4+ d5 36. Bxd5+ Bxd5 37. Qxd5+ Kh8 38. Qe5+ Kg8 39. Qe6+ Kg7 40. Qe7+ Qxe7 41. Rxe7+ Kf6 42. Re2 g5 43. Kxh3 a4 44. Kg2 b5 45. Rd1 Rc6 46. Rd5 g4 47. fxg4 fxg4 48. Rxb5 Rc1 49. Rf2+ Kg6 50. Rb6+ Kg5 51. Rb5+ Kg6 52. Rb4 Kg5 53. Rxa4 Rc5 54. Rb4 Rd5 55. a4 Rd1 56. Rb5+ Kg6 57. b4 Ra1 58. a5 Ra2 59. Rb6+ Kg5 60. Rb5+ Kg6 61. Rc5 Ra1 62. Rb2 Ra4 63. b5 Rxa5 64. Rc6+ Kg5 65. Rc5+ Kg6 66. Rc4 Kg5 67. b6 Ra8 68. b7 Rb8 69. Rc8 Rxb7 70. Rxb7 Kg6 71. Rc6+ Kf5 72. Rb5+ Ke4 73. Rc4+ Kd3 74. Rc6 Ke3 75. Re5+ Kd4 76. Re8 Kd5 77. Rg6 Kc5 78. Rxg4 Kd5 79. Rf4 Kd6 80. Rf1 Kd7 81. Re2 Kd6 82. Rd1+ Kc5 83. Rc2+ Kb4 84. Rb1+ Ka3 85. Rb8 Ka4 86. Rc7 Ka5 87. Ra7# 1-0


[Site "https://www.chess.com"]

[Event "Titled Tuesday Blitz May 30 Late 2023"]
[White "Bayo Milagro, Alvaro"]
[Black "Prithu Gupta"]
[WhiteFideId "22275240"]
[BlackFideId "46618546"]
[WhiteElo "2270"]
[BlackElo "2344"]
[Result "1-0"]
[Round "01"]
[TimeControl "180+2"]
[Date "2023.05.31"]
[WhiteClock "0:01:43"]
[BlackClock "0:00:25"]

1. Nf3 d5 2. c4 dxc4 3. e3 Nf6 4. Bxc4 e6 5. d4 Bd6 6. O-O O-O 7. Nc3 Nc6 8. e4 e5 9. d5 Ne7 10. Nb5 Ng6 11. Nxd6 cxd6 12. Re1 Bg4 13. h3 Bh5 14. Be2 Nf4 15. Bxf4 exf4 16. Nd4 Bg6 17. Bf3 Nd7 18. Qd2 Qf6 19. Rac1 Rfc8 20. Rxc8+ Rxc8 21. Bg4 Rd8 22. Bxd7 Rxd7 23. Rc1 Bxe4 24. Qxf4 1-0


[Site "https://www.chess.com"]

[Event "Titled Tuesday Blitz May 30 Late 2023"]
[White "Kornyukov, Alexey"]
[Black "Taboas Rodriguez, Daniel"]
[WhiteFideId "4150457"]
[BlackFideId "2208466"]
[WhiteElo "2352"]
[BlackElo "2365"]
[Result "0-1"]
[Round "01"]
[TimeControl "180+2"]
[Date "2023.05.31"]
[WhiteClock "0:00:02"]
[BlackClock "0:00:25"]

1. d4 Nf6 2. c4 g6 3. f3 Bg7 4. e4 O-O 5. Nc3 d6 6. Bg5 c5 7. d5 e6 8. Qd2 exd5 9. cxd5 a6 10. a4 h6 11. Be3 Nbd7 12. Nh3 Ne5 13. Nf2 h5 14. Be2 Bd7 15. h3 b5 16. axb5 axb5 17. Rxa8 Qxa8 18. Nxb5 Bxb5 19. Bxb5 Rb8 20. Be2 Qa1+ 21. Nd1 h4 22. O-O Ned7 23. Bf4 Nh5 24. Bxd6 Ng3 25. Bxb8 Nxb8 26. f4 Bd4+ 27. Kh2 Nxf1+ 28. Bxf1 Nd7 29. e5 Qa8 30. Bc4 Kg7 31. Nc3 Qb8 32. d6 Nb6 33. Be2 Nd7 34. Nb5 Bf2 35. Bc4 Bg3+ 36. Kg1 Qa8 37. Kf1 Qa1+ 38. Ke2 Qg1 39. Kd3 Qb1+ 40. Ke2 Qe4+ 41. Kd1 Qxc4 42. Nc3 Bxf4 43. Qe2 Qd4+ 44. Kc2 Nxe5 45. Ne4 c4 46. Nf2 Qxd6 47. Qe4 Qd2+ 48. Kb1 Qxf2 49. Ka2 Nd3 50. Qxc4 Qxb2# 0-1


[Site "https://www.chess.com"]

[Event "Titled Tuesday Blitz May 30 Late 2023"]
[White "Mustafayev, Farid"]
[Black "Elaisaz"]
[WhiteFideId "13408771"]
[WhiteElo "2197"]
[BlackElo "2194"]
[Result "1-0"]
[Round "01"]
[TimeControl "180+2"]
[Date "2023.05.31"]
[WhiteClock "0:01:28"]
[BlackClock "0:00:05"]

1. Nf3 d5 2. g3 Nf6 3. Bg2 c5 4. O-O Nc6 5. d4 cxd4 6. Nxd4 g6 7. c4 e5 8. Nxc6 bxc6 9. cxd5 cxd5 10. Nc3 Bb7 11. Bg5 Be7 12. Bxf6 Bxf6 13. Bxd5 Bxd5 14. Qxd5 O-O 15. Ne4 Rb8 16. Rfd1 Kg7 17. b3 Qxd5 18. Rxd5 Rfd8 19. Rad1 Be7 20. R1d3 f5 21. Rxe5 fxe4 22. Rxe7+ Kf6 23. Rxd8 Rxd8 24. Rxe4 Rd2 25. a4 Rb2 26. b4 Kf5 27. f3 Ra2 28. b5 h5 29. h4 Kf6 30. Kf2 Kf5 31. Rc4 Ra3 32. Rc5+ Ke6 33. Rc6+ Kf5 34. Ra6 Ke5 35. Rxa7 1-0


[Site "https://www.chess.com"]

[Event "Titled Tuesday Blitz May 30 Late 2023"]
[White "Brown, Raehanna"]
[Black "Mathieu, Phileas"]
[WhiteFideId "7402740"]
[BlackFideId "36048410"]
[WhiteElo "1655"]
[BlackElo "2241"]
[Result "0-1"]
[Round "01"]
[TimeControl "180+2"]
[Date "2023.05.31"]
[WhiteClock "0:00:06"]
[BlackClock "0:01:20"]

1. c4 e5 2. Nc3 Nf6 3. Nf3 Nc6 4. g3 Bb4 5. Bg2 O-O 6. O-O d6 7. d3 h6 8. h3 Qe7 9. e4 Bxc3 10. bxc3 a5 11. Kh2 Nd7 12. Nh4 Nc5 13. Be3 b6 14. Qc2 Rb8 15. d4 Nd7 16. Nf5 Qe8 17. Rab1 Ne7 18. Nxe7+ Qxe7 19. c5 dxc5 20. dxc5 Nxc5 21. Rfd1 Be6 22. Rb5 Nd7 23. f4 Bc4 24. Rbb1 Rbd8 25. f5 Nc5 26. Rxd8 Rxd8 27. Rd1 Rxd1 28. Qxd1 Qd6 29. Qc2 f6 30. Qf2 Nd3 31. Qd2 c5 32. Bf1 Kf7 33. a4 Ke7 34. Kg2 Kd7 35. Kf3 Kc6 36. g4 Ba6 37. h4 c4 38. Ke2 Qa3 39. Qc2 b5 40. axb5+ Bxb5 41. Kf3 Qa1 42. Bg2 Ne1+ 43. Kg3 Nxc2 44. g5 Nxe3 45. gxf6 gxf6 0-1


[Site "https://www.chess.com"]

[Event "Titled Tuesday Blitz May 30 Late 2023"]
[White "KSho99"]
[Black "SergioMoralesG"]
[WhiteElo "2182"]
[BlackElo "2559"]
[Result "1-0"]
[Round "01"]
[TimeControl "180+2"]
[Date "2023.05.31"]
[WhiteClock "0:00:07"]
[BlackClock "0:00:03"]

1. Nf3 d5 2. d4 Nf6 3. e3 Bf5 4. c4 e6 5. Qb3 Qc8 6. Nc3 c6 7. Nh4 Bg6 8. g3 Be7 9. Nxg6 hxg6 10. Bg2 Nbd7 11. O-O O-O 12. e4 dxc4 13. Qxc4 e5 14. dxe5 Nxe5 15. Qe2 Rd8 16. h3 Qc7 17. Bf4 Nfd7 18. Rfd1 Qb6 19. Be3 Qc7 20. f4 Bf6 21. fxe5 Qxe5 22. Bf4 Qc5+ 23. Qf2 Qb4 24. Rd3 Nc5 25. Rxd8+ Rxd8 26. Rd1 Rxd1+ 27. Nxd1 Nd3 28. Qe2 Bd4+ 29. Be3 Nc1 30. Qf2 Bxe3 31. Nxe3 Nd3 32. Qc2 Qe1+ 33. Nf1 Ne5 34. Qc3 f6 35. Qxe1 1-0


[Site "https://www.chess.com"]

[Event "Titled Tuesday Blitz May 30 Late 2023"]
[White "Thorfinnsson, Bragi"]
[Black "zano2023"]
[WhiteFideId "2300958"]
[WhiteElo "2322"]
[BlackElo "2176"]
[Result "1-0"]
[Round "01"]
[TimeControl "180+2"]
[Date "2023.05.31"]
[WhiteClock "0:00:48"]
[BlackClock "0:00:49"]

1. e4 e5 2. Nf3 d6 3. Nc3 f5 4. d4 Nf6 5. Bg5 Be7 6. Bxf6 Bxf6 7. dxe5 dxe5 8. Qxd8+ Kxd8 9. O-O-O+ Bd7 10. exf5 c6 11. g4 h6 12. Bd3 Kc7 13. h4 b5 14. g5 hxg5 15. hxg5 Rxh1 16. Rxh1 Be7 17. Be4 a6 18. Rh7 Bf8 19. Nxe5 b4 20. Ne2 Bd6 21. Nxd7 Nxd7 22. Rxg7 Re8 23. f3 Be5 24. f6 Kd6 25. c3 a5 26. Kc2 Rh8 27. Rh7 Rg8 28. f4 Nc5 29. Bd3 Nxd3 30. Kxd3 Rd8 31. fxe5+ 1-0


[Site "https://www.chess.com"]

[Event "Titled Tuesday Blitz May 30 Late 2023"]
[White "ritanovikova"]
[Black "Golubev, Mikhail"]
[BlackFideId "14100983"]
[WhiteElo "2171"]
[BlackElo "2374"]
[Result "0-1"]
[Round "01"]
[TimeControl "180+2"]
[Date "2023.05.31"]
[WhiteClock "0:00:00"]
[BlackClock "0:00:04"]

1. e4 d6 2. d4 Nf6 3. Nc3 g6 4. Be2 Bg7 5. Be3 Nbd7 6. h3 e5 7. Nf3 exd4 8. Nxd4 O-O 9. Qd2 Re8 10. Bf3 Nc5 11. Bg5 Nfxe4 12. Nxe4 Nxe4 13. Bxd8 Nxd2+ 14. Kxd2 Rxd8 15. Nb5 c6 16. Nc3 d5 17. Rhe1 Bf5 18. g4 Be6 19. Rad1 b5 20. Kc1 a5 21. Ne2 Kf8 22. Kb1 a4 23. a3 Bd7 24. c3 Re8 25. Nf4 Rxe1 26. Rxe1 Re8 27. Rxe8+ Kxe8 28. Nd3 Ke7 29. Nc5 Bc8 30. Kc2 Kd6 31. Nd3 c5 32. Nf4 Be5 33. Nd3 Bh2 34. Ne1 Be6 35. Ng2 h6 36. Be2 Be5 37. Bxb5 Bd7 38. Bxd7 Kxd7 39. Ne3 Kc6 40. b4 axb3+ 41. Kxb3 c4+ 42. Kc2 Bd6 43. Kb2 Bc5 44. Nd1 Kb5 45. Ne3 Kc6 46. Nd1 f5 47. gxf5 gxf5 48. Ne3 f4 49. Nd1 Kb5 50. Ka2 f3 51. Kb1 Bxa3 52. Kc2 Bc5 53. Kd2 d4 54. cxd4 Bxd4 55. h4 Kb4 56. h5 Kb3 0-1


[Site "https://www.chess.com"]

[Event "Titled Tuesday Blitz May 30 Late 2023"]
[White "Khandelwal, Ankush"]
[Black "Djordjevic, Dejan N"]
[WhiteFideId "413470"]
[BlackFideId "913316"]
[WhiteElo "2263"]
[BlackElo "2261"]
[Result "0-1"]
[Round "01"]
[TimeControl "180+2"]
[Date "2023.05.31"]
[WhiteClock "0:00:00"]
[BlackClock "0:00:01"]

1. e4 c5 2. Nf3 Nc6 3. Bb5 g6 4. Bxc6 dxc6 5. d3 Bg7 6. h3 e5 7. O-O Qc7 8. Be3 b6 9. Nbd2 a5 10. Nh2 Nf6 11. f4 exf4 12. Bxf4 Qd7 13. Nc4 b5 14. Nb6 Qb7 15. Nxa8 Qxa8 16. Bd6 Qa7 17. e5 Nd5 18. Ng4 Be6 19. Qf3 c4+ 20. Kh1 cxd3 21. cxd3 Qd4 22. Rac1 Kd7 23. Rf2 h5 24. Nf6+ Bxf6 25. exf6 Kxd6 26. Rfc2 Rc8 27. Qg3+ Qf4 28. Qe1 Qxf6 29. Qxa5 Qd4 30. Qa6 Qb6 31. Qa3+ Kd7 32. Rc5 g5 33. d4 g4 34. h4 Ne7 35. Qd3 Bd5 36. Qh7 Qc7 37. R1c3 Qf4 38. Qb1 Qxd4 39. Qe1 f5 40. Rc1 f4 41. R5c2 f3 42. Rd2 fxg2+ 43. Kh2 Qf4+ 44. Qg3 Qxg3+ 45. Kxg3 Nf5+ 46. Kh2 Nxh4 47. Kg3 Nf3 48. Rxg2 Rg8 49. Rd2 h4+ 50. Kf4 g3 51. Re2 g2 52. Rxg2 Rxg2 53. b3 Rxa2 0-1


[Site "https://www.chess.com"]

[Event "Titled Tuesday Blitz May 30 Late 2023"]
[White "Fuentes Godoy, Lilia Ivonne"]
[Black "Bilan, Danila"]
[WhiteFideId "5104130"]
[BlackFideId "24161918"]
[WhiteElo "2096"]
[BlackElo "2182"]
[Result "0-1"]
[Round "01"]
[TimeControl "180+2"]
[Date "2023.05.31"]
[WhiteClock "0:00:00"]
[BlackClock "0:00:03"]

1. d4 d5 2. c4 c6 3. cxd5 cxd5 4. Bf4 Nf6 5. Nc3 a6 6. e3 Nc6 7. Bd3 Bg4 8. Qb3 Na5 9. Qa4+ b5 10. Qc2 Rc8 11. Rc1 e6 12. Qb1 Bb4 13. Ne2 Nc4 14. f3 Bh5 15. a3 Bd6 16. Bxd6 Qxd6 17. Bxc4 bxc4 18. b4 cxb3 19. Qxb3 O-O 20. O-O Rb8 21. Qa4 Bg6 22. Nf4 Rb2 23. Nxg6 hxg6 24. Rf2 Rxf2 25. Kxf2 Qxh2 26. Qxa6 Qh4+ 27. Ke2 Qg3 28. Kf1 Qh2 29. Kf2 Nh5 30. Qf1 Qg3+ 31. Ke2 Qg5 32. Qf2 Qe7 33. Kd2 Qxa3 34. Rc2 Qb4 35. g4 Nf6 36. Kd3 Nd7 37. Qh4 Qc4+ 38. Kd2 f6 39. Ne2 Qb4+ 40. Kd1 Rb8 41. Nf4 Qb1+ 42. Kd2 Kf7 43. Qh2 Rb2 44. Kd3 Nb6 45. Kc3 Rb3+ 46. Kd2 Nc4+ 0-1


[Site "https://www.chess.com"]

[Event "Titled Tuesday Blitz May 30 Late 2023"]
[White "Suder, Jakub"]
[Black "Florianovitz, Derlei Alex"]
[WhiteFideId "1195310"]
[BlackFideId "2114178"]
[WhiteElo "2287"]
[BlackElo "1953"]
[Result "1-0"]
[Round "01"]
[TimeControl "180+2"]
[Date "2023.05.31"]
[WhiteClock "0:01:46"]
[BlackClock "0:00:23"]

1. d4 Nf6 2. c4 e6 3. Nc3 Bb4 4. f3 d5 5. a3 Bxc3+ 6. bxc3 O-O 7. cxd5 exd5 8. e3 c5 9. Bd3 cxd4 10. cxd4 Nc6 11. Ne2 Re8 12. O-O Bd7 13. Ng3 b6 14. Ra2 Na5 15. Re2 Rc8 16. Ree1 Rc3 17. Bb2 Rb3 18. Qd2 Nc4 19. Bxc4 dxc4 20. e4 Bb5 21. Bc3 Rxa3 22. d5 Ba4 23. Nf5 Bb3 24. Qg5 Nh5 25. Qxh5 g6 26. Qh6 1-0


[Site "https://www.chess.com"]